 Dungeon Crawl Stone Soup version 0.21-a0-113-g6841d05 (webtiles) character file.

4843 Leszczynek the Grappler (level 10, 4/98 HPs)
             Began as an Ogre Transmuter on July 13, 2017.
             Was an Initiate of Makhleb.
             Quit the game on level 11 of the Dungeon.
             The game lasted 00:32:31 (5273 turns).

Leszczynek the Grappler (Ogre Transmuter)           Turns: 5273, Time: 00:32:32

Health: 4/98       AC:  4    Str: 16    XL:     10   Next: 49%
Magic:  13/13      EV: 11    Int: 15    God:    Makhleb [......]
Gold:   338        SH:  0    Dex: 11    Spells: 2/13 levels left

rFire    + . .     SeeInvis .     - Unarmed
rCold    . . .     Gourm    .   (no shield)
rNeg     . . .     Faith    .   b - +0 robe
rPois    +         Spirit   .   (helmet restricted)
rElec    .         Reflect  .   K - +0 cloak
rCorr    .         Harm     .   (gloves unavailable)
MR       +....                  (boots unavailable)
Stlth    +.........             (no amulet)
HPRegen  0.26/turn              w - ring of poison resistance
MPRegen  0.13/turn              (no ring)

@: no status effects
A: unfitting armour, talons 1, fire resistance 1, tough skin 1, no potion heal 1
a: Renounce Religion


You were on level 11 of the Dungeon.
You worshipped Makhleb.
Makhleb was noncommittal.
You were hungry.

You visited 2 branches of the dungeon, and saw 13 of its levels.

You collected 405 gold pieces.
You spent 67 gold pieces at shops.

Inventory:

Missiles
 j - 118 arrows
 p - 2 javelins
 x - 12 tomahawks (quivered)
 C - 5 large rocks
Armour
 b - a +0 robe (worn)
 m - a +0 large shield
 H - a +0 shield
 K - a +0 cloak (worn)
Jewellery
 r - an uncursed ring of ice
 w - a ring of poison resistance (left hand)
Wands
 a - a wand of disintegration (5/24)
 i - a wand of digging (15/24)
 l - a wand of flame (17/48)
 y - a wand of confusion (25/48)
Scrolls
 e - a scroll of amnesia
 f - a scroll of magic mapping
 g - 2 scrolls of fear
 h - 6 scrolls of remove curse {@r2}
 o - a scroll of blinking {unknown}
 t - a scroll of enchant weapon {unknown}
 u - 2 scrolls of fog {unknown}
 v - 2 scrolls of recharging {unknown}
 A - 2 scrolls of immolation {unknown}
 B - a scroll of summoning {unknown}
 D - a scroll of torment {unknown}
 E - 2 scrolls of random uselessness
 F - a scroll of teleportation {unknown}
 L - 2 scrolls of identify {@r1}
Potions
 k - a potion of heal wounds {@q2}
 q - 2 potions of flight
 s - a potion of agility
 J - a potion of brilliance {unknown}
Books
 c - a book of Changes

   Spells                             Type                      Level
   a - Beastly Appendage              Transmutation                1
   b - Sticks to Snakes               Transmutation                2
   c - Spider Form                    Transmutation/Poison         3
   d - Ice Form                       Ice/Transmutation            4
   e - Blade Hands                    Transmutation                5
 G - a book of Necromancy

   Spells                             Type                      Level
   a - Pain                           Necromancy                   1
   b - Animate Skeleton               Necromancy                   1
   c - Vampiric Draining              Necromancy                   3
   d - Regeneration                   Charms/Necromancy            3
   e - Animate Dead                   Necromancy                   4
   f - Control Undead                 Necromancy                   4
Comestibles
 d - 5 bread rations
 n - 3 royal jellies
 z - 4 fruits
 I - 3 meat rations
 M - a chunk of flesh


   Skills:
 - Level 6.0 Fighting
 + Level 3.8 Dodging
 + Level 9.3 Unarmed Combat
 - Level 2.4 Spellcasting
 * Level 7.5 Transmutations
 - Level 4.3 Ice Magic
 - Level 3.0 Poison Magic


You had 2 spell levels left.
You knew the following spells:

 Your Spells              Type           Power        Failure   Level  Hunger
b - Sticks to Snakes      Tmut           ###.....     1%          2    ###....
c - Spider Form           Tmut/Pois      ###.......   8%          3    ###....
d - Ice Form              Ice/Tmut       ###.....     19%         4    #####..
B - Blink                 Tloc           N/A          32%         2    ###....


Dungeon Overview and Level Annotations

Branches:
Dungeon (12/15)            Temple (1/1) D:7            Lair (0/6) D:9
    Orc (0/2) D:11

Altars:
Ashenzari
Dithmenos
Elyvilon
Fedhas
Gozag
Hepliaklqana
Makhleb
Nemelex Xobeh
Okawaru
Qazlal
Ru
Trog
Uskayaw
Vehumet
Wu Jian
Xom
Yredelemnul
Zin
The Shining One

Shops:
D:9 [   D:10 %

Annotations:
D:6 p0werm0de's ghost, novice DsCK
D:11 Torious's ghost, journeyman DECj


Innate Abilities, Weirdness & Mutations

You are too large for most types of armour.
You have tough skin. (AC +1)
You have sharp toenails.
Your flesh is heat resistant. (rF+)
Potions are less effective at restoring your health.


Message History

The four-headed hydra bites you but does no damage.
The four-headed hydra misses you. x2; The four-headed hydra bites you.
Unknown command.
Torious's ghost hits you! Torious's ghost hits you. Torious's ghost hits you.
There is an open door here.
There is an open door here.
As you read the scroll labeled WEUNIKKIRE, it crumbles to dust.
Your hands glow brilliant bronze for a moment.
It was a scroll of random uselessness.
The four-headed hydra bites you. The four-headed hydra bites you!
* * * LOW HITPOINT WARNING * * *
The four-headed hydra bites you!
* * * LOW HITPOINT WARNING * * *
The four-headed hydra bites you!
* * * LOW HITPOINT WARNING * * *
Unknown command.
Okay, then.
Are you sure you want to abandon this character and quit the game? (Confirm with "yes".)

....##..............#*,**,,,,,,,,
.[..##..............#*,,,,,,,,,**
....##.._...........#****,,,,,,*
....##..............# *,,,,,,*
....'.......###'##### **,*****
....######### #.## *,* ##'## #.W#
*,* #..# ##D# *,* #.###
#######@## *,* ....# #........###
*,* ....# **#........'.# *,*
....####.+........#.#** *,*
....#....#....>...#...****,******
......####........#*#..,,,,,,,,,,
....### #......<.# *###**,******
....# #........# *,* ....#
#........# *>*


You could see a four-headed hydra and Torious's ghost.

Vanquished Creatures
  Pikel (D:6)
  Joseph (D:7)
  A hippogriff (D:10)
  A yak (D:11)
  A wyvern (D:8)
  2 wargs (D:9)
  2 ice beasts
  An orc warrior (D:8)
  A black bear (D:6)
  3 sky beasts
  4 ogres
  A centaur (D:5)
  Blork the orc (D:5)
  7 bullfrogs
  A wyvern skeleton (D:9)
  2 scorpions
  A wight (D:9)
  8 killer bees
  3 howler monkeys
  4 crimson imps
  A bullfrog zombie (D:10)
  A quasit (D:7)
  A bullfrog skeleton (D:8)
  3 orc priests
  5 hounds
  2 iguanas
  4 orc wizards
  4 worker ants
  A hound skeleton (D:6)
  A worker ant zombie (D:10)
  8 adders
  4 shadow imps
  2 oozes
  An adder zombie (D:5)
  A dart slug (D:1)
  2 leopard geckos
  15 orcs
  2 giant cockroaches
  11 goblins
  4 hobgoblins
  6 jackals
  3 quokkas
  3 ball pythons
  A ball python skeleton (D:4)
  7 bats
  4 frilled lizards
  4 kobolds
  5 rats
152 creatures vanquished.

Vanquished Creatures (collateral kills)
  A troll (D:11)
  5 adders
  A dart slug (D:5)
  A leopard gecko (D:4)
  A ball python (D:2)
  A goblin (D:2)
  A hobgoblin (D:2)
  A rat (D:3)
12 creatures vanquished.

Grand Total: 164 creatures vanquished

Notes
Turn   | Place    | Note
-------+----------+-------------------------------------------
     0 | D:1      | Leszczynek the Ogre Transmuter began the quest for the Orb.
     0 | D:1      | Reached XP level 1. HP: 19/19 MP: 3/3
    60 | D:1      | Reached skill level 2 in Transmutations
   132 | D:1      | Reached XP level 2. HP: 18/27 MP: 5/5
   153 | D:1      | Learned a level 2 spell: Sticks to Snakes
   364 | D:2      | Reached skill level 3 in Transmutations
   364 | D:2      | Reached XP level 3. HP: 24/33 MP: 2/6
   454 | D:2      | Reached XP level 4. HP: 24/41 MP: 5/7
   459 | D:2      | Learned a level 3 spell: Spider Form
   732 | D:2      | Reached skill level 1 in Poison Magic
   823 | D:3      | HP: 8/41 [poisoned by an adder]
   828 | D:3      | HP: 8/41 [poisoned by an adder]
   926 | D:3      | Noticed an ogre
   968 | D:3      | Killed an ogre
   968 | D:3      | Reached skill level 3 in Poison Magic
   968 | D:3      | Reached XP level 5. HP: 11/48 MP: 4/8
  1238 | D:4      | Found a bloodstained altar of Trog.
  1238 | D:4      | Found a hide-covered altar of Uskayaw.
  1251 | D:4      | Noticed an ogre
  1262 | D:4      | Killed an ogre
  1262 | D:4      | Reached skill level 3 in Unarmed Combat
  1262 | D:4      | Reached XP level 6. HP: 53/55 MP: 2/9
  1270 | D:4      | Found a white marble altar of Elyvilon.
  1536 | D:5      | Entered Level 5 of the Dungeon
  1536 | D:5      | Found a blossoming altar of Fedhas.
  1571 | D:5      | Reached skill level 4 in Unarmed Combat
  1668 | D:5      | Noticed a sky beast
  1724 | D:5      | Killed a sky beast
  1724 | D:5      | Reached skill level 5 in Unarmed Combat
  1724 | D:5      | Reached XP level 7. HP: 31/62 MP: 2/10
  1816 | D:5      | Noticed Blork the orc
  1834 | D:5      | Killed Blork the orc
  1916 | D:6      | Noticed p0werm0de's ghost (novice DsCK)
  2153 | D:6      | Reached skill level 6 in Unarmed Combat
  2183 | D:6      | Learned a level 4 spell: Ice Form
  2400 | D:6      | Noticed Pikel
  2415 | D:6      | Killed Pikel
  2415 | D:6      | Reached skill level 8 in Unarmed Combat
  2415 | D:6      | Reached XP level 8. HP: 50/70 MP: 5/11
  2427 | D:6      | Reached skill level 2 in Fighting
  2427 | D:6      | Reached skill level 1 in Ice Magic
  2431 | D:6      | Gained mutation: Your flesh is heat resistant. (rF+) [mutagenic meat]
  2432 | D:6      | Gained mutation: You have sharp toenails. [mutagenic meat]
  2433 | D:6      | noice
  2483 | D:6      | HP: 14/74 [killer bee (7)]
  2487 | D:6      | Reached skill level 3 in Fighting
  2493 | D:6      | Reached skill level 2 in Ice Magic
  2663 | D:7      | Reached skill level 4 in Fighting
  2709 | D:7      | Reached XP level 9. HP: 67/85 MP: 12/12
  2721 | D:7      | Reached skill level 5 in Fighting
  2804 | D:7      | Reached skill level 3 in Ice Magic
  2808 | D:7      | HP: 26/132 [poisoned by a killer bee]
  2813 | D:7      | HP: 24/132 [poisoned by a killer bee]
  2818 | D:7      | HP: 22/132 [poisoned by a killer bee]
  2823 | D:7      | HP: 22/132 [poisoned by a killer bee]
  2830 | D:7      | HP: 22/132 [poisoned by a killer bee]
  2838 | D:7      | HP: 22/132 [poisoned by a killer bee]
  2973 | D:7      | bees, bees everywhere
  3016 | D:8      | Reached skill level 6 in Fighting
  3049 | D:8      | Reached skill level 4 in Transmutations
  3345 | D:8      | Reached skill level 4 in Ice Magic
  3557 | D:7      | Reached skill level 5 in Transmutations
  3607 | D:7      | Noticed Joseph
  3624 | D:7      | wew lad
  3646 | D:7      | HP: 9/89 [Joseph/quarterstaff of protection (19)]
  3650 | D:7      | Killed Joseph
  3650 | D:7      | Reached skill level 2 in Dodging
  3796 | D:7      | Found a staircase to the Ecumenical Temple.
  3802 | Temple   | Entered the Ecumenical Temple
  3904 | Temple   | Became a worshipper of Makhleb the Destroyer
  3947 | D:7      | Learned a level 2 spell: Blink
  4031 | D:8      | Reached skill level 6 in Transmutations
  4140 | D:9      | Reached XP level 10. HP: 98/98 MP: 7/13
  4298 | D:8      | Reached skill level 3 in Dodging
  4327 | D:9      | Found a staircase to the Lair.
  4364 | D:9      | Reached skill level 9 in Unarmed Combat
  4545 | D:9      | Found Fifuuc's Armour Boutique.
  4561 | D:9      | Bought a +0 cloak for 67 gold pieces
  4681 | D:10     | Entered Level 10 of the Dungeon
  4855 | D:10     | Reached skill level 7 in Transmutations
  4979 | D:10     | Found Hackomoa's Food Shop.
  5032 | D:10     | Gained mutation: Potions are less effective at restoring your health. [mutagenic meat]
  5033 | D:10     | Gained mutation: Your spells are a little easier to cast, but a little less powerful. [mutagenic meat]
  5034 | D:10     | Gained mutation: Your mind is acute. (Int +2) [mutagenic meat]
  5035 | D:10     | Lost mutation: Your mind is acute. (Int +2) [mutagenic meat]
  5036 | D:10     | Lost mutation: Your spells are a little easier to cast, but a little less powerful. [mutagenic meat]
  5176 | D:11     | Found an opulent altar of Gozag.
  5240 | D:11     | Noticed a four-headed hydra
  5260 | D:11     | Noticed Torious's ghost (journeyman DECj)
  5272 | D:11     | HP: 11/98 [four-headed hydra (12)]
  5272 | D:11     | HP: 4/98 [four-headed hydra (7)]
  5273 | D:11     | Quit the game

Vault maps used:
D:1:      co_arrival_square_in_a_square_in_a_square, minmay_misc_feat_cross
D:2:      minmay_joined_circles, uniq_crazy_yiuf_cottage
D:3:      kiku_gazebo_garden_becter
D:4:      lemuel_crystal_altar, gammafunk_temple_overflow_forgotten, first_bread
D:5:      basic_altar, uniq_blork_the_orc
D:6:      uniq_pikel
D:7:      led_sif_book, minmay_temple_entry_metal_lava, uniq_joseph
D:9:      erik_lair_orcish_takeover, serial_shops, nicolae_shop_crystal,
          kennysheep_generic_room_3
D:10:     serial_shops, nicolae_shop_behind_doors
D:11:     david_orc_5, basic_altar
D:12:     lightli_minifort
Temple:   eino_temple_scatter_basement

Skill      XL: |  1  2  3  4  5  6  7  8  9 10 |
---------------+-------------------------------+-----
Transmutations | 2 3 6 7 |  7.5
Poison Magic   | 3 |  3.0
Unarmed Combat | 3 5 8 9 |  9.3
Fighting       | 4 6 |  6.0
Ice Magic      | 2 4 |  4.3
Dodging        | 2 3 |  3.8
Spellcasting   | |  2.4

Action                   |  1- 3 |  4- 6 |  7- 9 | 10-12 || total
-------------------------+-------+-------+-------+-------++-------
Melee: Unarmed           |    33 |    37 |   259 |   121 ||   450
       Kick              |     8 |       |     4 |     3 ||    15
       Headbutt          |     2 |     2 |       |       ||     4
       Dagger            |    17 |       |       |       ||    17
       Spear             |    51 |    69 |    10 |       ||   130
       Punch             |     1 |     1 |     3 |       ||     5
 Cast: Beastly Appendage |    10 |     4 |       |       ||    14
       Sticks to Snakes  |     3 |     9 |     9 |     7 ||    28
       Spider Form       |       |     5 |    31 |    17 ||    53
 Abil: End Transformatio |       |       |       |     2 ||     2
  Use: Scroll            |       |     1 |     3 |     7 ||    11
       Potion            |       |       |     6 |       ||     6
 Stab: Distracted        |       |     1 |     1 |       ||     2
       Sleeping          |       |       |       |     1 ||     1
  Eat: Chunk             |       |     5 |    17 |    12 ||    34
Armor: Robe              |    31 |    38 |     7 |     2 ||    78
       Skin              |       |     2 |    57 |     5 ||    64
Dodge: Dodged            |    50 |    66 |   211 |    98 ||   425
